 Dungeon Crawl Stone Soup version 0.19.5 (webtiles) character file.

410 tidbits the Shooter (level 6, -5/43 HPs)
             Began as a High Elf Wanderer on Oct 31, 2017.
             Slain by a centaur
             ... wielding a +0 glaive
              (8 damage)
             ... on level 5 of the Dungeon.
             The game lasted 00:20:19 (2204 turns).

tidbits the Shooter (High Elf Wanderer)             Turns: 2204, Time: 00:20:19

Health: -5/43      AC:  8    Str: 12    XL:     6   Next: 58%
Magic:  7/7        EV:  9    Int: 19    God:
Gold:   192        SH:  0    Dex: 16    Spells: 0 memorised, 5 levels left

rFire  . . .     SeeInvis .     a - +0 shortbow
rCold  . . .     Gourm    .     B - +2 scale mail
rNeg   . . .     Faith    .     (shield currently unavailable)
rPois  .         Spirit   .     (no helmet)
rElec  .         Reflect  .     (no cloak)
rCorr  .         Harm     .     (no gloves)
MR     .....                    (no boots)
Stlth  ..........               R - amulet of magic regeneration
                                (no ring)
                                C - +3 ring of intelligence

@: no status effects
A: no striking features
a: no special abilities


You were on level 5 of the Dungeon.
You were not hungry.

You visited 1 branch of the dungeon, and saw 5 of its levels.

You collected 192 gold pieces.

Inventory:

Hand Weapons
 a - a +0 shortbow (weapon)
 b - a +0 long sword
   (You found it on level 3 of the Dungeon)
 d - a +0 hand crossbow
 h - a +1 dagger of speed
   (You found it on level 4 of the Dungeon)
 k - a +0 club
   (You took it off a kobold on level 1 of the Dungeon)
 n - a +0 dagger
   (You found it on level 1 of the Dungeon)
 u - a +2 dagger of freezing
   (You took it off a goblin on level 2 of the Dungeon)
Missiles
 e - 50 arrows (quivered)
 f - 15 bolts
 l - 6 stones
 m - 7 javelins
Armour
 w - a cursed +0 leather armour
   (You found it on level 4 of the Dungeon)
 B - a +2 scale mail (worn)
Jewellery
 C - a +3 ring of intelligence (left hand)
   (You found it on level 5 of the Dungeon)
 R - an amulet of magic regeneration (around neck)
   (You found it on level 4 of the Dungeon)
Wands
 y - a wand of paralysis (10/24)
   (You found it on level 4 of the Dungeon)
Scrolls
 g - a scroll of random uselessness {unknown}
 i - a scroll of noise
 o - a scroll of amnesia
 p - a scroll of teleportation
 q - a scroll of fog
 r - a scroll of remove curse
 s - a scroll of enchant weapon {unknown}
 v - a scroll of fear {unknown}
Comestibles
 c - 5 bread rations
 j - 2 meat rations
 x - a slice of pizza
 z - a beef jerky


   Skills:
 - Level 4.0 Fighting
 + Level 5.6 Long Blades
 - Level 6.0 Bows
 - Level 1.0 Throwing
 - Level 2.6 Armour
 - Level 1.3 Dodging
 - Level 1.1 Stealth


You had 5 spell levels left.
You didn't know any spells.

Dungeon Overview and Level Annotations

Branches:
Dungeon (5/15)
 Temple: D:4-7

Altars:
Ashenzari
Fedhas
Gozag
Hepliaklqana
Qazlal

Annotations:
D:5 p0werm0de's ghost, novice HECK


Message History

Aim: an orc wizard, wielding a dagger and wearing a robe (almost dead)
You shoot an arrow. The arrow hits the orc wizard!
You kill the orc wizard!
e - 42 arrows (gained 1)
There is a stone staircase leading down here.
e - 43 arrows (gained 1)
There is an open door here.
e - 45 arrows (gained 2)
Things that are here:
a dagger; a robe
e - 47 arrows (gained 2)
e - 50 arrows (gained 3)
Things that are here:
a whip; an orc corpse
e - 52 arrows (gained 2)
e - 55 arrows (gained 3)
Things that are here:
a flail; an orc corpse You open the door.
There is an open door here.
There is a stone staircase leading down here.
You climb downwards.
Level annotation: p0werm0de's ghost, novice HECK You found a teleport trap!
Found 17 gold pieces.
There is a stone staircase leading up here.
You now have 192 gold pieces (gained 17).
A centaur comes into view. It is wielding a glaive.
Firing (i - inventory. (,) - cycle):
e - 55 arrows (quivered)
Press: ? - help, Shift-Dir - straight line, f - centaur
Aim: a centaur, wielding a glaive (hasn't noticed you)
You shoot an arrow. The centaur shouts!
The arrow hits the centaur but does no damage.
The centaur unwields an uncursed glaive.
The centaur wields a shortbow.
The centaur shoots an arrow.
The arrow hits you.
b - a +0 long sword (weapon)
The centaur shoots an arrow.
The arrow hits you.
The centaur unwields an uncursed shortbow.
The centaur wields an uncursed glaive.
The centaur closely misses you.
You hit the centaur but do no damage.
The centaur hits you with an uncursed glaive.
* * * LOW HITPOINT WARNING * * *
You hit the centaur.
The centaur is lightly wounded.
The centaur closely misses you.
You riposte.
You barely miss the centaur.
The centaur is lightly wounded.
A frilled lizard comes into view.
You hit the centaur.
The centaur is lightly wounded.
The centaur barely misses you.
You riposte.
You barely miss the centaur.
The centaur is lightly wounded.
The frilled lizard moves out of view.
The centaur hits you with an uncursed glaive.
* * * LOW HITPOINT WARNING * * *
You hit the centaur.
The centaur is lightly wounded.
The centaur barely misses you.
You barely miss the centaur.
The centaur is lightly wounded.
The centaur barely misses you.
You barely miss the centaur.
The centaur is lightly wounded.
The centaur closely misses you.
a - a +0 shortbow (weapon)
The centaur misses you.
Firing (i - inventory. (,) - cycle):
e - 54 arrows (quivered)
Press: ? - help, Shift-Dir - straight line, f - quokka, p - centaur
Aim: a quokka You shoot an arrow.
The arrow hits the centaur!
The centaur is heavily wounded.
The centaur hits you with an uncursed glaive!
* * * LOW HITPOINT WARNING * * *
Firing (i - inventory. (,) - cycle):
e - 53 arrows (quivered)
Press: ? - help, Shift-Dir - straight line, f/p - quokka
Aim: a quokka
Okay, then.
You aren't carrying any potions.
Unknown command.
Firing (i - inventory. (,) - cycle):
e - 53 arrows (quivered)
Press: ? - help, Shift-Dir - straight line, f/p - quokka
Aim: a quokka You shoot an arrow.
The arrow hits the centaur but does no damage.
The centaur is heavily wounded.
The centaur barely misses you.
Firing (i - inventory. (,) - cycle):
e - 52 arrows (quivered)
Press: ? - help, Shift-Dir - straight line, f/p - quokka
Aim: a quokka You shoot an arrow.
The arrow hits the centaur.
The centaur is heavily wounded.
The centaur hits you but does no damage.
Firing (i - inventory. (,) - cycle):
e - 51 arrows (quivered)
Press: ? - help, Shift-Dir - straight line, f/p - quokka
Aim: a quokka You shoot an arrow.
The arrow barely misses the centaur.
The arrow hits the quokka.
The quokka is severely wounded.
The centaur hits you with an uncursed glaive!
You die...

##................
#................
...............#
#.............<#
#.........##....#
#...............#
#..rl....c.(.....
#c# #.........#
#@## ##........#
#.(#####.......#
##...###........
###..# ##.## #..##
##^.## ##..# ##<#


You could see a centaur, a quokka and a frilled lizard.

Vanquished Creatures
  A phantom (D:4)
  A bullfrog zombie (D:5)
  2 orc priests
  An orc wizard (D:4)
  A worker ant (D:5)
  8 adders
  A shadow imp (D:5)
  2 worms
  A dart slug (D:1)
  A leopard gecko (D:3)
  8 orcs
  5 giant cockroaches
  8 hobgoblins
  10 jackals
  7 kobolds
  A quokka (D:4)
  3 ball pythons
  7 bats
  2 frilled lizards
  7 goblins
  8 rats
85 creatures vanquished.

Notes
Turn   | Place    | Note
-------+----------+-------------------------------------------
     0 | D:1      | tidbits the High Elf Wanderer began the quest for the Orb.
     0 | D:1      | tidbits set off with: a +2 scale mail, a +0 hand crossbow, 22 bolts, a +0 shortbow, 22 arrows, a bread ration
     0 | D:1      | Reached XP level 1. HP: 17/17 MP: 2/2
   118 | D:1      | Reached skill level 2 in Bows
   118 | D:1      | Reached skill level 1 in Dodging
   125 | D:1      | Reached XP level 2. HP: 21/22 MP: 3/3
   195 | D:2      | Found a blossoming altar of Fedhas.
   206 | D:2      | Reached skill level 3 in Bows
   223 | D:2      | Found an opulent altar of Gozag.
   288 | D:1      | Reached XP level 3. HP: 24/27 MP: 4/4
   455 | D:2      | Reached skill level 4 in Bows
   727 | D:2      | Reached skill level 1 in Long Blades
   761 | D:2      | Reached XP level 4. HP: 10/33 MP: 5/5
   894 | D:3      | Found a stormy altar of Qazlal.
   896 | D:3      | Noticed a water elemental
   897 | D:3      | Noticed a fire elemental
   897 | D:3      | Noticed an earth elemental
   897 | D:3      | Noticed an air elemental
  1021 | D:3      | Reached skill level 5 in Bows
  1103 | D:3      | Reached XP level 5. HP: 23/37 MP: 6/6
  1217 | D:4      | Reached skill level 6 in Bows
  1252 | D:4      | Noticed a phantom
  1342 | D:4      | Killed a phantom
  1342 | D:4      | Reached skill level 3 in Long Blades
  1392 | D:4      | Found a hazy altar of Hepliaklqana.
  1392 | D:4      | Found a shattered altar of Ashenzari.
  1422 | D:5      | Entered Level 5 of the Dungeon
  1422 | D:5      | Noticed p0werm0de's ghost (novice HECK)
  1662 | D:5      | Reached skill level 4 in Long Blades
  1707 | D:5      | Reached XP level 6. HP: 24/43 MP: 7/7
  1964 | D:3      | Reached skill level 5 in Long Blades
  2201 | D:5      | HP: 2/43 [centaur/uncursed glaive (13)]
  2204 | D:5      | Slain by a centaur

Skill      XL: |  1  2  3  4  5  6 |
---------------+-------------------+-----
Bows           | 2 3 4 5 6 |  6.0
Dodging        | 1 |  1.3
Long Blades    | 1 4 5 |  5.6
Fighting       | |  4.0
Throwing       | |  1.0
Armour         | |  2.6
Stealth        | |  1.1

Action                   |  1- 3 |  4- 6 || total
-------------------------+-------+-------++-------
Melee: Long sword        |    10 |    93 ||   103
 Fire: Hand crossbow     |    65 |       ||    65
       Shortbow          |    31 |   164 ||   195
  Use: Scroll            |     2 |     5 ||     7
       Potion            |       |     5 ||     5
  Eat: Chunk             |       |     4 ||     4
Armor: Scale mail        |    46 |   103 ||   149
Dodge: Dodged            |    43 |    99 ||   142
       Rpst.: Long sword |     4 |    18 ||    22

Table legend:
 A = Turns spent in this place as a percentage of turns spent in the entire game.
 B = Non-inter-level travel turns spent in this place as a percentage of non-inter-level travel turns spent in the entire game.
 C = Inter-level travel turns spent in this place as a percentage of turns spent in this place.
 D = Turns resting spent in this place as a percentage of non-inter-level travel turns spent in this place.
 E = Turns spent auto-exploring this place as a percentage of non-inter-level travel turns spent in this place.
 F = Non-inter-level travel turns spent in this place divided by the number of levels of this place that you've seen.
                   A       B       C       D       E      F
               +-------+-------+-------+-------+-------+----------------------
         Total | 100.0 | 100.0 |   0.1 |   0.1 |   0.0 | 356.2
       Dungeon | 100.0 | 100.0 |   0.1 |   0.1 |   0.0 | 356.2
               +-------+-------+-------+-------+-------+----------------------

Table legend:
 A = Kills in this place as a percentage of kills in entire the game.
 B = Kills by you in this place as a percentage of kills by you in the entire game.
 C = Kills by friends in this place as a percentage of kills by friends in the entire game.
 D = Other kills in this place as a percentage of other kills in the entire game.
 E = Experience gained in this place as a percentage of experience gained in the entire game.
 F = Experience gained in this place divided by the number of levels of this place that you have seen.
                   A       B       C       D       E      F
               +-------+-------+-------+-------+-------+----------------------
         Total | 100.0 | 100.0 |  -nan |  -nan | 100.0 | 117.2
       Dungeon | 100.0 | 100.0 |  -nan |  -nan | 100.0 | 117.2
               +-------+-------+-------+-------+-------+----------------------

Vault maps used:
D:1:      minmay_arrival_nine_rooms
D:2:      nicolae_overflow_crystal_walls, fedhas_altar_2
D:3:      nicolae_qazlal_style_of_elements
D:4:      gammafunk_temple_overflow_wave, first_bread, minmay_close_crescents,
          uniq_menkaure, uniq_eustachio
D:5:      grunt_temple_overflow_champion_of_chaos, minmay_temple_entry_junction
